 Dungeon Crawl Stone Soup version 0.22-a0-161-g198051c (webtiles) character file.

51 vishdafish the Ruffian (level 3, -2/36 HPs)
             Began as a Troll Fighter on Feb 11, 2018.
             Slain by a goblin
             ... wielding a +0 club
             ... led by Robin
              (3 damage)
             ... on level 2 of the Dungeon.
             The game lasted 00:02:03 (1344 turns).

vishdafish the Ruffian (Troll Fighter)              Turns: 1344, Time: 00:02:04

Health: -2/36      AC:  6    Str: 24    XL:     3   Next: 58%
Magic:  2/2        EV:  8    Int:  4    God:
Gold:   101        SH: 11    Dex: 10    Spells: 2/2 levels left

rFire    . . .     SeeInvis .     - Unarmed
rCold    . . .     Gourm    +   n - +2 shield
rNeg     . . .     Faith    .   a - +0 robe
rPois    .         Spirit   .   (helmet restricted)
rElec    .         Reflect  .   l - +0 cloak
rCorr    .         Harm     .   (gloves unavailable)
MR       .....     Rnd*Tele +   (boots unavailable)
Stlth    +.........             (no amulet)
HPRegen  0.52/turn              h - ring of teleportation
MPRegen  0.08/turn              (no ring)

@: no status effects
A: large, unfitting armour, claws 3, fast metabolism 3, gourmand, regeneration
1, shaggy fur 1, tough skin 2
a: no special abilities


You were on level 2 of the Dungeon.
You were very full.

You visited 1 branch of the dungeon, and saw 2 of its levels.

You collected 101 gold pieces.

Inventory:

Armour
 a - a +0 robe (worn)
 b - a +0 shield
 l - a +0 cloak (worn)
 n - a +2 shield (worn)
Jewellery
 h - a ring of teleportation (left claw)
Scrolls
 e - 5 scrolls of identify {unknown}
 i - a scroll of remove curse
Potions
 c - 2 potions of might
 f - a potion of brilliance {unknown}
 g - a potion of curing {unknown}
 j - a potion of degeneration {unknown}
 k - a potion of resistance {unknown}
 m - a potion of heal wounds {unknown}
 o - 2 potions of ambrosia {unknown}
 q - 2 potions of haste {unknown}
Comestibles
 d - 2 rations


   Skills:
 + Level 2.6 Fighting
 + Level 0.8 Armour
 + Level 2.7 Dodging
 + Level 2.7 Shields
 * Level 2.8 Unarmed Combat


You had 2 spell levels left.
You didn't know any spells.

Dungeon Overview and Level Annotations

Branches:
Dungeon (2/15)

Altars:

Annotations:
D:2 Robin


Innate Abilities, Weirdness & Mutations

You are too large for most types of armour.
You have claws for hands.
Your metabolism is lightning-fast.
You like to eat raw meat.
Your natural rate of healing is unusually fast.
You are covered in fur. (AC +1)
You have very tough skin. (AC +2)


Message History

Unknown command.
Sorry, you're not good enough to have a special ability.
You scratch the adder.
You kill the adder!
The hobgoblin hits you but does no damage.
You block the goblin's attack. The goblin barely misses you.
The goblin hits you with a club.
* * * LOW HITPOINT WARNING * * *
The goblin barely misses you. The goblin hits you with a club.
* * * LOW HITPOINT WARNING * * *
As you read the scroll labeled ALOESI DOIHA, it crumbles to dust.
The scroll dissolves into smoke.
It was a scroll of fog.
You block the hobgoblin's attack. The goblin barely misses you.
You block the goblin's attack. The goblin barely misses you.
Robin roars a battlecry!
The goblins go into a battle-frenzy!
The goblin hits you with a club.
* * * LOW HITPOINT WARNING * * *
The goblin hits you with a club.
You die...

########### #.........#
#.........# #§ggg.....#
######.g@ggg...#
#..$.#.ggg......
#....#§........#
#....#..<......#######
#....###.##........#.####
#........#..#### #.......
#...$...##.#######.#.###.
#####...##.###.....#.# #.
#...##.#...#.###.# #.


You could see Robin, 2 hobgoblins and 7 goblins.

Vanquished Creatures
  2 adders (D:2)
  A leopard gecko (D:2)
  3 giant cockroaches
  6 goblins
  5 hobgoblins
  5 kobolds
  5 bats
  A frilled lizard (D:1)
  2 rats
30 creatures vanquished.

Notes
Turn   | Place    | Note
-------+----------+-------------------------------------------
     0 | D:1      | vishdafish the Troll Fighter began the quest for the Orb.
     0 | D:1      | Reached XP level 1. HP: 22/22 MP: 0/0
   583 | D:1      | Reached XP level 2. HP: 23/29 MP: 1/1
  1194 | D:2      | Reached XP level 3. HP: 26/36 MP: 2/2
  1333 | D:2      | Noticed Robin
  1344 | D:2      | HP: 1/36 [goblin/club[Robin] (3)]
  1344 | D:2      | Slain by a goblin

Vault maps used:
D:1:      minmay_arrival_five_plusses, serial_forest,
          infiniplex_forest_straight_2, infiniplex_forest_clump_tiny,
          infiniplex_forest_clump_curved, infiniplex_forest_clump_tiny,
          infiniplex_forest_lined_room_3, infiniplex_forest_lined_corner,
          infiniplex_forest_pool, infiniplex_forest_lined_room_
D:2:      grunt_ministairs_7, uniq_robin

Action                   || total
-------------------------++-------
Melee: Unarmed           ||    80
  Use: Scroll            ||     2
 Stab: Sleeping          ||     2
  Eat: Ration            ||     2
       Chunk             ||    10
Armor: Robe              ||    52
Dodge: Dodged            ||    42
Block: Shield            ||    64

Table legend:
 A = Spawn XP
 B = Non-spawn XP
 C = Spawn XP percentage of total XP
 D = Spawn monster count
 E = Non-spawn monster count
 F = Spawn count percentage of total count
 G = Total turns spent on level
                    A         B        C        D         E        F      G
               +---------+---------+-------+---------+---------+-------+---------
         Total |       0 |      74 |   0.0 |       0 |      30 |   0.0 |  1344
               +---------+---------+-------+---------+---------+-------+---------
           D:1 |       0 |      21 |   0.0 |       0 |      13 |   0.0 |  1109
           D:2 |       0 |      53 |   0.0 |       0 |      17 |   0.0 |   235
               +---------+---------+-------+---------+---------+-------+---------
